 Dungeon Crawl Stone Soup version 0.14-a0-2632-gd2f732a (webtiles) character file.

68128 Jenx the Eclecticist (level 14, -1/84 HPs)
             Began as a Deep Elf Wizard on Feb 14, 2014.
             Was the Champion of Vehumet.
             Killed by divine providence
             ... invoked by an orc priest
              (12 damage)
             ... on Level 2 of the Orcish Mines on Feb 15, 2014.
             The game lasted 02:24:41 (32802 turns).

Jenx the Eclecticist (Deep Elf Wizard)             Turns: 32802, Time: 02:24:41

HP  -1/84        AC 18     Str 12      XL: 14   Next: 81%
MP  10/38        EV  9     Int 26      God: Vehumet [******]
Gold 1153        SH  0     Dex 13      Spells: 10 memorised, 12 levels left

rFire  . . .     SeeInvis .     a - staff of wizardry
rCold  . . .     Clarity  .     k - +4 ring mail of the Iron City of Dis {Str+1}
rNeg   . . .     Conserve .     (no shield)
rPois  +         rCorr    .     d - +0 helmet
rElec  .         rRot     .     x - +0 elf cloak
SustAb . .       Spirit   .     C - +1 pair of gloves
rMut   +         Warding  .     B - +1 pair of dwarf boots
Saprov . . .     Stasis   .     D - amulet of resist mutation
MR     ++...                    H - ring of poison resistance
                                G - ring "Xotiwitt" {MR Str+4}

@: very resistant to hostile enchantments, fairly stealthy
A: carnivore 1
a: Renounce Religion


You were on level 2 of the Orcish Mines.
You worshipped Vehumet.
Vehumet was exalted by your worship.
You were not hungry.

You visited 5 branches of the dungeon, and saw 23 of its levels.
You also visited: Sewer and Ossuary.

You collected 2028 gold pieces.
You spent 875 gold pieces at shops.

Inventory:

Hand weapons
 b - a +0 blowgun
Missiles
 m - 11 exploding sling bullets
Armour
 d - a +0 helmet (worn)
 k - the +4 ring mail of the Iron City of Dis (worn) {Str+1}
   (You found it on level 9 of the Dungeon)

   It affects your strength (+1).
 x - a +0 elven cloak (worn)
 B - a +1 pair of dwarven boots (worn)
 C - a +1 pair of gloves (worn)
Magical devices
 e - a wand of hasting (5)
 p - a wand of teleportation (3)
 q - a wand of disintegration (6)
 L - a wand of fire (3)
Comestibles
 c - a beef jerky
 f - 3 meat rations
 A - 4 bread rations
 F - a lemon
Scrolls
 g - a scroll of enchant weapon I
 j - 4 scrolls of remove curse
 v - 4 scrolls of teleportation
 y - a scroll of blinking
 E - 4 scrolls of fog
Jewellery
 u - an uncursed ring of flight
 D - an amulet of resist mutation (around neck)
 G - the ring "Xotiwitt" (left hand) {MR Str+4}
   (You found it on level 5 of the Lair of Beasts)

   [ring of protection from magic]

   It affects your strength (+4).
 H - a ring of poison resistance (right hand)
 P - an uncursed amulet of stasis
 Q - an uncursed ring of teleport control
Potions
 h - 7 potions of speed
 i - a potion of restore abilities
 l - 3 potions of agility
 n - a potion of flight
 r - 2 potions of magic
 s - a potion of resistance
 w - 3 potions of might
 I - 5 potions of curing
 N - a potion of lignification
 R - a potion of confusion {unknown}
Books
 o - a book of the Tempests

   Spells                             Type                      Level
   Static Discharge                   Conjuration/Air              3
   Lightning Bolt                     Conjuration/Air              5
   Fireball                           Conjuration/Fire             5
   Tornado                            Air                          9
   Shatter                            Earth                        9
Magical staves
 a - an uncursed staff of wizardry (weapon)


   Skills:
 - Level 8.8 Fighting
 - Level 7.7 Armour
 - Level 4.1 Dodging
 - Level 2.4 Stealth
 + Level 15.4 Spellcasting
 - Level 11.2 Conjurations
 - Level 2.3 Charms
 - Level 1.1 Summonings
 - Level 4.4 Translocations
 - Level 7.7 Fire Magic
 - Level 9.0 Ice Magic
 + Level 8.6 Air Magic
 - Level 3.0 Poison Magic


You had 12 spell levels left.
You knew the following spells:

 Your Spells              Type           Power        Failure   Level  Hunger
a - Magic Dart            Conj           ####         1%          1    None
b - Throw Flame           Conj/Fire      ######       1%          2    None
c - Mephitic Cloud        Conj/Pois/Air  ######..     1%          3    None
d - Force Lance           Conj           ######..     1%          5    None
e - Blink                 Tloc           N/A          1%          2    None
f - Sticky Flame          Conj/Fire      ######..     1%          4    None
g - Ignite Poison         Fire/Trmt      #####.....   2%          5    None
h - Repel Missiles        Chrm/Air       #####.       1%          2    None
i - Freezing Cloud        Conj/Ice/Air   ######....   1%          6    ####...
j - Summon Butterflies    Summ           ####....     1%          1    None


Dungeon Overview and Level Annotations

Branches:
Dungeon (11/16)            Temple (1/1) D:5             Orc (2/4) D:11
   Lair (8/8) D:8          Shoals (0/5) Lair:6       Spider (1/5) Lair:6
  Slime (0/6) Lair:7

Altars:
Ashenzari
Cheibriados
Dithmenos
Elyvilon
Fedhas
Kikubaaqudgha
Makhleb
Nemelex Xobeh
Okawaru
Sif Muna
Trog
Vehumet
Xom
Yredelemnul
Zin
The Shining One
Beogh
Jiyva

Shops:
D:4 [   D:5 }   D:6 (}/!!   D:10 !

Annotations:
D:11 worrywart's ghost, powerful DDFi


Innate Abilities, Weirdness & Mutations

Your digestive system is specialised to digest meat.


Message History

The orc warrior appears confused.
The orc warrior hits the orc with an orcish dire flail!
The orc is killed!
Vehumet accepts your kill.
You feel your power returning.
The orc is engulfed in noxious fumes.
The orc appears confused.
An orc priest comes into view. It is wielding an orcish hand axe.
The orc warrior is engulfed in noxious fumes.
The orc warrior appears confused.
An ogre comes into view. It is wielding a giant spiked club.
The orc warrior is engulfed in noxious fumes.
The orc priest glows brightly for a moment.
Unknown command.
The orc priest calls down the wrath of Beogh upon you.
Something smites you!
* * * LOW HITPOINT WARNING * * *
The orc is engulfed in noxious fumes.
The orc appears confused.
The orc priest invokes the aid of Beogh against you.
Something smites you!
You die...

##.......)....o.....
#...o.oo).....o.##..
#....)§..........#
##..§..>........#.#...
##...#...............
###.................
$..##
#.......................#
##.......................
####...@.....#...$...§§.
#O................)§§.
..........#.#........§§.
............#..........))
....#.....#......#..>.§§
..###...#.....<...o...§ .
#..#.....^.........
........).#........
.##.#.............


You could see an ogre and 2 orc priests.

Vanquished Creatures
  Rupert (Lair:7)
  Harold (Lair:1)
  10 hydras
  15 death yaks
  Nergalle (Lair:7)
  A catoblepas (Lair:8)
  2 orb spiders (Spider:1)
  An unseen horror (D:10)
  3 wolf spiders
  Joseph (Orc:1)
  2 griffons (Lair:8)
  A manticore (Lair:8)
  17 elephants
  2 black mambas (Lair:6)
  13 spiny frogs
  A queen ant (Lair:6)
  A centaur zombie (D:10)
  11 komodo dragons
  A demonic crawler (Spider:1)
  3 fire drakes
  2 jumping spiders (Spider:1)
  Prince Ribbit (Sewer)
  3 two-headed ogres
  7 blink frogs
  A raven (Lair:5)
  2 wandering mushrooms (Lair:5)
  7 basilisks
  4 sharks
  A wyvern (Lair:3)
  11 hippogriffs
  45 yaks
  4 wolves
  A hungry ghost (D:9)
  8 porcupines
  20 soldier ants (Lair:6)
  A phantom (D:8)
  10 orc warriors
  3 sky beasts
  11 ice beasts
  8 ogres
  4 giant goldfish
  Sigmund (D:5)
  2 centaurs (D:7)
  20 crocodiles
  5 giant slugs
  3 boring beetles
  15 water moccasins
  3 big kobolds (D:8)
  13 giant frogs
  10 agate snails
  A hippogriff zombie (D:6)
  A yak skeleton (D:7)
  An eye of draining (D:9)
  5 electric eels
  8 jellyfish
  2 bog bodies (D:7)
  3 crimson imps
  2 goliath beetles
  8 orc priests
  2 big fish
  A giant frog zombie (D:9)
  8 spiders (Lair:6)
  10 hounds
  5 jellies
  A scorpion (D:11)
  A centaur skeleton (D:10)
  14 orc wizards
  6 iguanas
  23 worker ants
  23 sheep
  An ogre skeleton (D:10)
  30 adders
  8 giant centipedes
  A worm zombie (D:7)
  3 giant mites
  76 green rats
  An inept item mimic (D:3)
  A goliath beetle zombie (D:9)
  5 worms
  2 scorpion zombies
  A grey rat (D:6)
  A giant eyeball (D:7)
  10 giant geckos
  107 orcs
  14 ball pythons
  18 bats
  A bat zombie (D:6)
  4 giant cockroaches
  18 goblins
  19 hobgoblins
  33 jackals
  21 kobolds
  8 quokkas
  3 giant newts
  A giant newt skeleton (D:5)
  A giant spore (Lair:4)
  A jackal zombie (D:3)
  A kobold zombie (D:7)
  An orc skeleton (D:7)
  3 orc zombies
  18 rats
  2 ballistomycetes (Lair:4)
  2 fungi
  4 plants (Lair:6)
859 creatures vanquished.

Vanquished Creatures (collateral kills)
  2 jellies
  An inept feature mimic (D:2)
  2 oozes (D:4)
  An orc (D:6)
  2 jackals (D:1)
  A kobold (D:1)
9 creatures vanquished.

Vanquished Creatures (others)
  A troll (D:10)
  An ogre (D:10)
  5 crimson imps
  A white imp (D:6)
  3 hobgoblins (D:10)
  A jackal (D:10)
  2 bats (D:10)
  11 fungi
  3 plants
28 creatures vanquished.

Grand Total: 896 creatures vanquished

Notes
Turn   | Place    | Note
--------------------------------------------------------------
     0 | D:1      | Jenx, the Deep Elf Wizard, began the quest for the Orb.
     0 | D:1      | Reached XP level 1. HP: 10/10 MP: 6/6
   449 | D:1      | Reached XP level 2. HP: 15/15 MP: 4/9
   453 | D:1      | Learned a level 2 spell: Call Imp
  1201 | D:1      | Reached XP level 3. HP: 19/19 MP: 5/12
  1259 | D:1      | Learned a level 3 spell: Mephitic Cloud
  1262 | D:1      | Learned a level 2 spell: Blink
  1265 | D:1      | Learned a level 2 spell: Repel Missiles
  1694 | D:1      | Reached skill level 1 in Poison Magic
  1746 | D:2      | Reached skill level 1 in Air Magic
  1870 | D:2      | Reached XP level 4. HP: 24/24 MP: 6/15
  3016 | D:3      | Reached XP level 5. HP: 22/28 MP: 3/18
  3168 | D:3      | Found a deep blue altar of Sif Muna.
  3236 | D:3      | Found an iron altar of Okawaru.
  3545 | D:3      | Reached skill level 5 in Spellcasting
  3871 | D:4      | Found Quzoryank's Armour Shoppe.
  3899 | D:4      | Bought a +0 pair of gloves for 17 gold pieces
  4016 | D:4      | Learned a level 3 spell: Conjure Flame
  4395 | D:4      | Reached XP level 6. HP: 26/32 MP: 3/21
  4444 | D:5      | Entered Level 5 of the Dungeon
  4645 | D:5      | Reached skill level 1 in Fire Magic
  4994 | D:5      | Found Strun's Gadget Emporium.
  5028 | D:5      | Reached XP level 7. HP: 35/37 MP: 18/22
  5083 | D:5      | Reached skill level 1 in Fighting
  5378 | D:5      | Found a staircase to the Ecumenical Temple.
  5442 | D:5      | Noticed Sigmund
  5449 | Temple   | Entered the Ecumenical Temple
  5493 | Temple   | Became a worshipper of Vehumet
  5599 | D:5      | Found a burning altar of Makhleb.
  5708 | D:6      | Found Nymeotuwn's Magical Wand Emporium.
  5906 | D:6      | Reached skill level 5 in Conjurations
  6112 | D:5      | Killed Sigmund
  6181 | D:6      | Reached XP level 8. HP: 17/47 MP: 5/24
  6336 | D:6      | Acquired Vehumet's first power
  6336 | D:6      | Offered knowledge of Shock by Vehumet.
  6362 | D:6      | Found Qucot's Gadget Shoppe.
  6363 | D:6      | Found Dovoy's Antique Weapon Emporium.
  6429 | D:6      | Found Nisyofof's Distillery.
  6449 | D:6      | Bought a potion of curing for 24 gold pieces
  6487 | D:6      | Got an ancient chain mail
  6618 | D:6      | Reached skill level 6 in Conjurations
  6620 | D:6      | Found a glowing drain.
  6633 | Sewer    | Entered a sewer
  6842 | Sewer    | Noticed Prince Ribbit
  6868 | Sewer    | Killed Prince Ribbit
  6979 | D:6      | Found Troroah's Distillery.
  7143 | D:6      | Bought a potion of mutation for 30 gold pieces
  7487 | D:7      | Reached skill level 1 in Charms
  7506 | D:7      | Reached skill level 5 in Fighting
  7656 | D:7      | Offered knowledge of Throw Flame by Vehumet.
  7668 | D:7      | Learned a level 2 spell: Throw Flame
  7752 | D:7      | Found a sand-covered staircase.
  7773 | Ossuary  | Entered an ossuary
  8137 | D:7      | Reached XP level 9. HP: 54/54 MP: 17/25
  8262 | D:8      | Reached skill level 5 in Fire Magic
  8960 | D:8      | Noticed a two-headed hydra
  9112 | D:8      | Offered knowledge of Stone Arrow by Vehumet.
  9117 | D:8      | Reached skill level 7 in Spellcasting
  9289 | D:8      | Killed a two-headed hydra
  9289 | D:8      | Reached skill level 9 in Spellcasting
  9517 | D:8      | Found a staircase to the Lair.
  9898 | Lair:1   | Entered Level 1 of the Lair of Beasts
  9934 | Lair:1   | Reached XP level 10. HP: 39/59 MP: 3/31
 10048 | Lair:1   | Found a snail-covered altar of Cheibriados.
 10059 | Lair:1   | Noticed a spiny frog
 10071 | Lair:1   | Killed a spiny frog
 10071 | Lair:1   | Acquired Vehumet's second power
 10226 | Lair:1   | Noticed a spiny frog
 10373 | D:9      | Got a faintly humming ring mail
 10388 | D:9      | Identified the +4 ring mail of the Iron City of Dis {Str+1} (You found it on level 9 of the Dungeon)
 10415 | D:9      | Identified the cursed -5 chain mail of Duck's Teeth {rPois rF++ Dam-3 SInv} (You found it on level 6 of the Dungeon)
 10717 | D:9      | Reached skill level 1 in Armour
 11454 | D:9      | Upgraded the game from 0.14-a0-2618-g5301534 to 0.14-a0-2632-gd2f732a
 11473 | D:10     | Entered Level 10 of the Dungeon
 12468 | D:10     | Found a shimmering altar of Xom.
 12890 | D:10     | Found Fryha's Distillery.
 12921 | D:10     | Killed an unseen horror
 12921 | D:10     | Reached skill level 5 in Armour
 12956 | D:10     | Bought a potion of curing for 24 gold pieces
 13363 | D:11     | Found a staircase to the Orcish Mines.
 13498 | D:11     | Noticed a seven-headed hydra
 13622 | D:11     | Killed a seven-headed hydra
 13622 | D:11     | Reached XP level 11. HP: 64/64 MP: 7/32
 13629 | D:11     | Offered knowledge of Sticky Flame by Vehumet.
 13645 | D:11     | Learned a level 4 spell: Sticky Flame
 13717 | D:11     | Reached skill level 10 in Spellcasting
 14646 | D:11     | Noticed worrywart's ghost (powerful DDFi)
 14876 | Lair:1   | Killed a spiny frog
 15051 | Lair:1   | Noticed a spiny frog
 15052 | Lair:1   | Acquired Vehumet's third power
 15060 | Lair:1   | Killed a spiny frog
 15091 | Lair:1   | Offered knowledge of Ignite Poison by Vehumet.
 15139 | Lair:1   | Noticed Harold
 15168 | Lair:1   | HP: 2/68 [Harold/bolt of fire (21)]
 15172 | Lair:1   | Killed Harold
 16081 | Lair:2   | Learned a level 5 spell: Ignite Poison
 17065 | Lair:3   | Offered knowledge of Freezing Cloud by Vehumet.
 17089 | Lair:3   | Learned a level 6 spell: Freezing Cloud
 17372 | D:6      | Bought a wand of hasting (2) for 468 gold pieces
 17372 | D:6      | Bought a wand of teleportation (4) for 312 gold pieces
 17551 | Lair:3   | Reached skill level 1 in Ice Magic
 17966 | Lair:3   | Reached XP level 12. HP: 74/74 MP: 28/33
 18940 | Lair:4   | Reached skill level 10 in Conjurations
 19321 | Lair:4   | Noticed a six-headed hydra
 19330 | Lair:4   | Killed a six-headed hydra
 19909 | Lair:4   | Reached skill level 11 in Conjurations
 20414 | Lair:5   | Got a shimmering granite ring
 20658 | Lair:3   | Reached skill level 5 in Ice Magic
 20837 | Lair:2   | Learned a level 1 spell: Summon Butterflies
 21548 | Lair:5   | Identified the ring "Xotiwitt" {MR Str+4} (You found it on level 5 of the Lair of Beasts)
 22376 | Lair:6   | Found a staircase to the Shoals.
 22782 | Lair:6   | Found a hole to the Spider Nest.
 22879 | Lair:6   | Offered knowledge of Lightning Bolt by Vehumet.
 23015 | Spider:1 | Entered Level 1 of the Spider Nest
 23468 | Lair:6   | Reached XP level 13. HP: 57/78 MP: 9/34
 24584 | Lair:6   | Offered knowledge of Fulminant Prism by Vehumet.
 24835 | Lair:6   | Gained mutation: Your digestive system is specialised to digest meat. [potion of beneficial mutation]
 25410 | Lair:6   | Reached skill level 12 in Spellcasting
 25680 | Lair:7   | Noticed Nergalle
 25697 | Lair:7   | Killed Nergalle
 26063 | Lair:7   | Reached skill level 5 in Air Magic
 26102 | Lair:7   | Reached skill level 13 in Spellcasting
 26154 | Lair:7   | Found a staircase to the Slime Pits.
 26169 | Lair:7   | Found a viscous altar of Jiyva.
 26287 | Lair:7   | Noticed Rupert
 26407 | Lair:7   | Killed Rupert
 27196 | Lair:7   | Reached skill level 14 in Spellcasting
 27196 | Lair:7   | Reached XP level 14. HP: 84/84 MP: 22/38
 27844 | Lair:8   | Entered Level 8 of the Lair of Beasts
 27979 | Lair:8   | Identified a scroll of acquirement
 28179 | Lair:8   | Offered knowledge of Force Lance by Vehumet.
 28346 | Lair:8   | Learned a level 5 spell: Force Lance
 30883 | Spider:1 | Reached skill level 15 in Spellcasting
 31768 | Orc:1    | Entered Level 1 of the Orcish Mines
 31768 | Orc:1    | Found a roughly hewn altar of Beogh.
 31819 | Orc:1    | Offered knowledge of Bolt of Fire by Vehumet.
 31896 | Orc:1    | Noticed Joseph
 31908 | Orc:1    | Killed Joseph
 32802 | Orc:2    | Killed from afar by an orc priest

Action                   |  1- 3 |  4- 6 |  7- 9 | 10-12 | 13-15 || total
-------------------------+-------+-------+-------+-------+-------++-------
Melee: Dagger            |     4 |       |       |       |       ||     4
       Trident           |       |    28 |    15 |       |       ||    43
       Short sword       |       |       |    44 |       |       ||    44
       Staff             |       |       |     5 |   172 |    52 ||   229
       Cutlass           |       |       |     2 |     8 |       ||    10
 Fire: Blowgun           |       |       |    10 |     1 |     1 ||    12
Throw: Dart              |     6 |     2 |       |       |       ||     8
       Tomahawk          |       |     3 |       |       |       ||     3
       Javelin           |       |       |     1 |       |       ||     1
 Cast: Magic Dart        |   104 |   183 |   199 |    40 |     8 ||   534
       Call Imp          |     8 |    10 |     8 |       |       ||    26
       Mephitic Cloud    |       |     3 |    27 |    33 |    18 ||    81
       Blink             |       |     3 |    13 |    36 |    42 ||    94
       Conjure Flame     |       |       |     2 |       |       ||     2
       Repel Missiles    |       |       |     2 |       |       ||     2
       Throw Flame       |       |       |   116 |   622 |   256 ||   994
       Sticky Flame      |       |       |       |   115 |   119 ||   234
       Ignite Poison     |       |       |       |    12 |     5 ||    17
       Freezing Cloud    |       |       |       |    12 |    66 ||    78
       Force Lance       |       |       |       |       |    59 ||    59
Evoke: Wand              |       |     1 |    12 |     7 |     7 ||    27
  Use: Scroll            |       |     8 |    18 |    19 |     7 ||    52
       Potion            |       |       |     4 |    10 |     5 ||    19
 Stab: Confused          |       |       |     1 |       |       ||     1
       Sleeping          |       |       |       |     1 |       ||     1
